 Dungeon Crawl Stone Soup version 0.28-a0-991-g956f0ee3d5 (webtiles) character file.

Game seed: 8110895898517922417

294 horus123 the Vexing (level 6, 0/34 HPs)
             Began as a Deep Elf Enchanter on Dec 4, 2021.
             Was an Initiate of Gozag.
             Slain by an adder (2 damage)
             ... on level 3 of the Dungeon.
             The game lasted 00:07:14 (3525 turns).

horus123 the Vexing (Deep Elf Enchanter)            Turns: 3525, Time: 00:07:14

Health: 0/34       AC:  3    Str:  5    XL:     6   Next: 11%
Magic:  4/12       EV: 13    Int: 20    God:    Gozag
Gold:   423        SH:  0    Dex: 17    Spells: 6/11 levels left

rFire   . . .      SeeInvis .   f - +0 short sword
rCold   . . .      Faith    .   (no shield)
rNeg    . . .      Spirit   .   b - +0 robe
rPois   .          Reflect  .   (no helmet)
rElec   .          Harm     .   i - +0 cloak
rCorr   .          Rampage  .   (no gloves)
Will    .....                   (no boots)
Stlth   +++.......              (no amulet)
HPRegen 0.11/turn               (no ring)
MPRegen 0.13/turn               (no ring)

@: lethally poisoned (0 -> -2)
A: no striking features
a: Renounce Religion, Potion Petition, Call Merchant, Bribe Branch


You were on level 3 of the Dungeon.
You worshipped Gozag.
Gozag was aware of your devotion.
You visited 1 branch of the dungeon, and saw 3 of its levels.

You collected 423 gold pieces.

Inventory:

Hand Weapons
 a - a +1 dagger
 f - a +0 short sword (weapon)
Armour
 b - a +0 robe (worn)
 i - a +0 cloak (worn)
Magical Staves
 n - a staff of cold
Wands
 j - a wand of polymorph (6)
Scrolls
 h - a scroll of silence
Potions
 c - 4 potions of invisibility
 d - a potion of brilliance
 e - a potion of degeneration
 g - a potion of attraction {unknown}
 k - 2 potions of ambrosia
 l - a potion of haste {unknown}
 m - a potion of heal wounds {unknown}


   Skills:
 - Level 1.5 Fighting
 - Level 4.1 Short Blades
 - Level 2.4 Dodging
 - Level 4.5 Stealth
 - Level 3.2 Spellcasting
 + Level 5.4 Hexes
 - Level 1.3 Ice Magic


You had 6 spell levels left.
You knew the following spells:

 Your Spells              Type           Power      Damage    Failure   Level
a - Ensorcelled Hibernat  Hex/Ice        32%        N/A       5%          2
b - Tukima's Dance        Hex            25%        N/A       4%          3

Your spell library contained the following spells:

 Spells                   Type           Power      Damage    Failure   Level
 Confusing Touch          Hex            25%        N/A       4%          3
 Summon Small Mammal      Summ           12%        N/A       14%         1
 Dazzling Flash           Conj/Hex       28%        N/A       14%         3
 Summon Guardian Golem    Hex/Summ       14%        N/A       14%         3
 Call Canine Familiar     Summ           3%         N/A       38%         3


Dungeon Overview and Level Annotations

Branches:
Dungeon (3/15)

Altars:
Gozag

Annotations:
D:3 1 transporter, aaaaab's ghost, amateur MiBe


Message History

The adder barely misses you.
You miss the adder. The adder closely misses you.
You closely miss the adder. The adder bites you but does no damage.
You miss the adder. The adder bites you but does no damage.
You barely miss the adder. The adder bites you.
You hit the adder.
The adder is moderately wounded.
The adder bites you but does no damage.
You miss the adder.
The adder is moderately wounded.
The adder misses you. The adder bites you.
You barely miss the adder.
The adder is moderately wounded.
The adder bites you.
You hit the adder.
The adder is heavily wounded.
The adder bites you but does no damage.
You barely miss the adder.
The adder is heavily wounded.
The adder bites you.
* * * LOW HITPOINT WARNING * * *
You are poisoned.
The adder poisons you!
You miss the adder.
The adder is heavily wounded.
* * * LOW HITPOINT WARNING * * *
You feel sick. The adder bites you but does no damage.
You completely miss the adder.
The adder is heavily wounded.
You feel sick. The adder barely misses you.
You barely miss the adder.
The adder is heavily wounded.
You feel sick. The adder barely misses you. The adder bites you.
* * * LOW HITPOINT WARNING * * *
You hit the adder but do no damage.
The adder is heavily wounded.
* * * LOW HITPOINT WARNING * * *
You feel sick. The adder bites you.
You die...
Your body crumbles into a pile of gold.

#..........>....#.#
##...#....#.....#.##
##....#...........##
#.#..#............
#.#....#......... ##
#.####.#(......## ..
#. #......$.....#
#.##..#.#....#..
#.###@So##...... #.#
###oo....... #.#
###$...... #.#
#...... ... ......
#. ..... ..... ####


You could see an adder and 3 orcs.

Vanquished Creatures
  Sigmund (D:3)
  An orc priest (D:3)
  4 adders
  3 dart slugs
  A worm (D:2)
  An orc (D:3)
  5 endoplasms
  7 giant cockroaches
  8 goblins
  5 hobgoblins
  4 jackals
  5 quokkas
  4 ball pythons
  6 bats
  4 frilled lizards (D:1)
  2 kobolds (D:1)
  10 rats
71 creatures vanquished.

Notes
Turn   | Place    | Note
-------+----------+-------------------------------------------
     0 | D:1      | horus123 the Deep Elf Enchanter began the quest for the
                  | Orb.
     0 | D:1      | Reached XP level 1. HP: 10/10 MP: 6/6
   256 | D:1      | Reached XP level 2. HP: 6/15 MP: 8/8
   421 | D:1      | Learned a level 2 spell: Ensorcelled Hibernation
   462 | D:1      | Reached skill level 1 in Ice Magic
  1466 | D:1      | Found a faded altar of an unknown god.
  1486 | D:1      | Prayed at the altar of an unknown god.
  1486 | D:1      | Became a worshipper of Gozag Ym Sagoz the Greedy
  1515 | D:2      | Reached skill level 1 in Fighting
  1515 | D:2      | Reached XP level 3. HP: 20/20 MP: 9/9
  2266 | D:2      | Reached XP level 4. HP: 20/25 MP: 10/10
  2271 | D:2      | Reached skill level 5 in Hexes
  3158 | D:3      | Found a transporter.
  3163 | D:3      | Noticed aaaaab's ghost (amateur MiBe)
  3188 | D:3      | Noticed Sigmund
  3203 | D:3      | Killed Sigmund
  3204 | D:3      | Reached XP level 5. HP: 29/29 MP: 7/11
  3412 | D:3      | Learned a level 3 spell: Tukima's Dance
  3486 | D:3      | Reached XP level 6. HP: 34/34 MP: 12/12
  3525 | D:3      | Slain by an adder

Illustrated notes

Levels and vault maps discovered:
D:1:      erik_arrival_blinker_ship, layout_basic,
          nicolae_ecumenical_lake_church
D:2:      layout_loops_ring, minmay_guardbox
D:3:      kennysheep_big_flooded_room, layout_rooms, gammafunk_ghost_mausoleum,
          uniq_sigmund

Skill      XL: |  1  2  3  4 |
---------------+-------------+-----
Stealth        | 4 |  4.5
Ice Magic      | 1 |  1.3
Fighting       | 1 |  1.5
Hexes          | 5 |  5.4
Short Blades   | 4 |  4.1
Dodging        | |  2.4
Spellcasting   | |  3.2

Action                   |  1- 3 |  4- 6 || total
-------------------------+-------+-------++-------
Melee: Dagger            |    79 |       ||    79
       Short sword       |    61 |    88 ||   149
 Cast: Ensorcelled Hiber |    15 |    25 ||    40
  Use: Scroll            |     4 |     2 ||     6
 Stab: Sleeping          |    20 |    19 ||    39
Armor: Robe              |    24 |    28 ||    52
Dodge: Dodged            |    98 |    71 ||   169

Table legend: (Time is in decaauts)
 A = Elapsed time spent in this place.
 B = Non-inter-level travel time spent in this place.
 C = Inter-level travel time spent in this place.
 D = Time resting spent in this place.
 E = Time spent auto-exploring this place.
 F = Levels seen in this place.
 G = Mean time per level.
                   A        B        C        D        E       F      G
               +--------+--------+--------+--------+--------+-----+--------+
         Total |   3518 |   3474 |     44 |    853 |   1945 |   3 | 1172.7 |
       Dungeon |   3518 |   3474 |     44 |    853 |   1945 |   3 | 1172.7 |
               +--------+--------+--------+--------+--------+-----+--------+

Top non-repeatable levels by time:
     D:1: 1507 daAuts
     D:2: 1401 daAuts
     D:3: 610 daAuts
